 Dungeon Sprint DCSS version 0.30-a0-989-g0d87f670db (webtiles) character file.

Game seed: 18333899433987510460

371 holysushi the Missionary (level 6, -4/51 HPs)
             Began as a Hill Orc Monk on Apr 3, 2023.
             Was a Priest of Beogh.
             Slain by a hell hound (8 damage)
             ... in the Dungeon (Sprint V: "Ziggurat Sprint").
             The game lasted 00:03:23 (217 turns).

holysushi the Missionary (Hill Orc Monk)             Turns: 217, Time: 00:03:24

Health: -4/51      AC:  7    Str: 16    XL:     6   Next: 70%
Magic:  17/17      EV: 12    Int: 10    God:    Beogh [***...]
Gold:   0          SH:  0    Dex: 21    Spells: 5/5 levels left

rFire   . . .      SeeInvis +    s - +27 heavy crossbow "Sniper" {heavy, Acc+∞ SInv}
rCold   . . .      Faith    .    (shield currently unavailable)
rNeg    . . .      Spirit   .    L - +1 scale mail "Fyoda" {Harm +Blink Dex+8 Stlth-}
rPois   .          Reflect  .    (no helmet)
rElec   .          Rampage  .    (no cloak)
rCorr   .          NoTele   +    (no gloves)
Will    .....      Harm     + .  (no boots) Stlth
                                 (no amulet)
HPRegen 0.28/turn                (no ring)
MPRegen 0.15/turn                (no ring)

@: no status effects
A: no striking features
a: Renounce Religion, Evoke Blink, Smiting


You were in the Dungeon.
You worshipped Beogh.
Beogh was most pleased with you.
You visited 1 branch

Inventory:

Hand Weapons
 a - a +0 hand axe
 j - a +5 broad axe
 k - a +5 executioner's axe
 l - a +5 bardiche
 m - a +5 demon trident
 n - a +5 arbalest
 o - a +5 hand crossbow
 p - a +5 longbow
 q - a +5 triple crossbow
 r - the +10 dark maul {heavy}
   (You found it in the Dungeon)
 s - the +27 heavy crossbow "Sniper" (weapon) {heavy, Acc+∞ SInv}
   (You found it in the Dungeon)

   Acc+∞: It never misses its target.
   SInv:      It lets you see invisible.
 u - the +11 Singing Sword {sonic wave}
   (You found it in the Dungeon)
 v - the +8 lance "Wyrmbane" {slay drac, rPois rF+ rC+ AC+3}
   (You found it in the Dungeon)

   AC:        It affects your AC (+3).
   rF:        It protects you from fire.
   rC:        It protects you from cold.
   rPois:     It protects you from poison.
 w - the +11 plutonium sword {Contam Stlth-}
   (You found it in the Dungeon)

   Contam:    It causes magical contamination when unequipped.
   Stlth:     It makes you less stealthy.
 x - the +13 scythe of Curses {drain, curses, Drain}
   (You found it in the Dungeon)

   Drain:     It drains your maximum health when unequipped.
 y - the +8 storm bow {elec, penet}
   (You found it in the Dungeon)
Armour
 b - a +0 robe
 t - the +18 shield of the Gong {Loud rN+ Will+ rCorr EV-5}
   (You found it in the Dungeon)

   Loud:      It is deafeningly noisy when blocking attacks.
   EV:        It affects your evasion (-5).
   rN:        It protects you from negative energy.
   rCorr:     It protects you from acid and corrosion.
   Will:      It increases your willpower.
 L - the +1 scale mail "Fyoda" (worn) {Harm +Blink Dex+8 Stlth-}
   (You found it in the Dungeon)

   Dex:       It affects your dexterity (+8).
   +Blink:    It lets you blink.
   Harm:      It increases damage dealt and taken.
   Stlth:     It makes you less stealthy.
 R - a +3 tower shield
 S - a +5 crystal plate armour
 T - +5 gold dragon scales
 U - +5 shadow dragon scales
Jewellery
 z - a ring of flight
 A - a +6 ring of dexterity
 B - a +6 ring of dexterity
 C - a +6 ring of intelligence
 D - a +6 ring of intelligence
 E - a +6 ring of strength
 F - a +6 ring of strength
Wands
 G - a wand of mindburst (7)
 H - a wand of quicksilver (7)
Scrolls
 i - 4 scrolls of blinking
 N - 4 scrolls of amnesia
 O - 7 scrolls of fog
 P - 5 scrolls of identify
 Q - 2 scrolls of fear
Potions
 c - a potion of ambrosia
 d - 10 potions of curing
 e - 10 potions of heal wounds
 f - 6 potions of haste
 g - 7 potions of magic
 h - 3 potions of berserk rage
 I - 2 potions of brilliance
 J - 2 potions of invisibility
 K - 4 potions of resistance
 M - 5 potions of might


   Skills:
 - Level 3.6 Fighting
 - Level 4.0 Axes
 + Level 5.6 Dodging
 - Level 1.5 Stealth
 - Level 16.3 Invocations


You had 5 spell levels left.
You didn't know any spells.
Your spell library contained the following spells:

 Spells                   Type           Power      Damage    Failure   Level
 Freezing Cloud           Conj/Ice/Air   0%         6-21      100%        5
 Simulacrum               Ice/Necr       0%         N/A       100%        6
 Polar Vortex             Ice            0%         N/A       100%        9


Dungeon Overview and Level Annotations

Branches:
Dungeon (1/1) Zot: 27000

Altars:
Ashenzari
Cheibriados
Dithmenos
Elyvilon
Fedhas
Gozag
Hepliaklqana
Kikubaaqudgha
Makhleb
Nemelex Xobeh
Okawaru
Qazlal
Ru
Sif Muna
Trog
Uskayaw
Vehumet
Wu Jian
Xom
Yredelemnul
Zin
The Shining One
Beogh
Jiyva
Lugonu

Annotations:
D 1 transporter


Message History

The adder bites you but does no damage. The adder misses you.
The adder bites you but does no damage.
Fire: s) +27 heavy crossbow "Sniper" {heavy, Acc+∞ SInv}
Press: ? - help, Q - select action, (/) - cycle Shift-Dir - straight line, f - adder
Aim: an adder (100% to hit)
You shoot a bolt. The bolt hits the adder!!!
You kill the adder!
Beogh accepts your kill.
You can now gain orcish followers.
You see here a water moccasin corpse.
You see here the staff of cold "Itimneosam" {rC+ Dex+2}.
You see here the staff of conjuration "Leugoimpufui" {rElec Dex+2}.
You see here the staff of cold "Itimneosam" {rC+ Dex+2}.
You pick up a book of Ice and begin reading...
You add the spells Freezing Cloud, Simulacrum and Polar Vortex to your library.
You see here the staff of cold "Itimneosam" {rC+ Dex+2}.
There is a transporter here.
Welcome to arena 3.
You enter the transporter and appear at another place. 2 hell hounds and 2 fire vortices come into view.
The hell hound barks! x2
The fire vortex hits you. The fire vortex burns you!
The fire vortex dissipates!
Found four items.
Found a transporter.
Fire: s) +27 heavy crossbow "Sniper" {heavy, Acc+∞ SInv}
Press: ? - help, Q - select action, (/) - cycle Shift-Dir - straight line, f - fire vortex
Aim: a fire vortex (100% to hit)
You shoot a bolt. The bolt hits the fire vortex!!!
The fire vortex dissipates!
The hell hound breathes flames at you. The blast of flame hits you!
The hell hound breathes flames at you.
The blast of flame misses the hell hound.
The blast of flame hits you!
* * * LOW HITPOINT WARNING * * *
The hell hound bites you!
* * * LOW HITPOINT WARNING * * *
The hell hound closely misses you. The hell hound bites you.
* * * LOW HITPOINT WARNING * * *
The hell hound bites you!
You die...

▓▓▓▓▓▓▓▓▓▓▓▓▓▓▓▓▓▓▓
▓.8©8.▓.8©8.▓.8©8.▓
▓.=)).▓..||.▓.....▓
▓..)..▓.....▓...[.▓
▓.....▓.....▓.....▓
▓.....▓.....▓..)..▓
▓..hh.▓.†††.▓..©..▓
▓.°@..▓..©..▓▓▓▓▓▓▓
▓▓▓▓▓▓▓▓▓▓▓▓▓


You could see 2 hell hounds.

Vanquished Creatures
  A spriggan (D)
  A water moccasin (D)
  A black bear (D)
  2 adders (D)
  A fire vortex (D)
6 creatures vanquished.

Vanquished Creatures (others)
  A fire vortex (D)
1 creature vanquished.

Grand Total: 7 creatures vanquished

Notes
Turn   | Place    | Note
-------+----------+-------------------------------------------
     0 | D        | holysushi the Hill Orc Monk began the quest for the Orb.
     0 | D        | Reached XP level 1. HP: 19/19 MP: 1/1
     0 | D        | Found a blossoming altar of Fedhas.
     0 | D        | Found the +6 Majin-Bo {spellvamp, MP+6 Int+6}
     0 | D        | Found the +27 heavy crossbow "Sniper" {heavy, Acc+∞ SInv}
     0 | D        | Found the +10 dark maul {heavy}
     0 | D        | Found the +15 Maxwell's patent armour {-Cast -Tele rElec
                  | Will+ rCorr}
     0 | D        | Found the +18 shield of the Gong {Loud rN+ Will+ rCorr
                  | EV-5}
     0 | D        | Found the +16 obsidian axe {drain, demonic, Mesm Drain Fly
                  | SInv}
     0 | D        | Found the +7 great mace "Firestarter" {flame, inner flame,
                  | rFlCloud rF++}
     0 | D        | Found the +6 shillelagh "Devastator" {shatter}
     0 | D        | Found the +11 plutonium sword {Contam Stlth-}
     0 | D        | Found the +8 lance "Wyrmbane" {slay drac, rPois rF+ rC+
                  | AC+3}
     0 | D        | Found the +9 sword of Zonguldrok {reap}
     0 | D        | Found the +13 scythe of Curses {drain, curses, Drain}
     0 | D        | Found the +9 sword of Power {lifebolt}
     0 | D        | Found the +7 mace of Variability {chaos, chain chaos}
     0 | D        | Found the +11 Singing Sword {sonic wave}
     0 | D        | Found the +8 storm bow {elec, penet}
     1 | D        | Found a transporter.
     1 | D        | Found a viscous altar of Jiyva.
     1 | D        | Found an ancient bone altar of Kikubaaqudgha.
     1 | D        | Found a hazy altar of Hepliaklqana.
     1 | D        | Found a corrupted altar of Lugonu.
     1 | D        | Found an opulent altar of Gozag.
     1 | D        | Found a burning altar of Makhleb.
    20 | D        | Found an iron altar of Okawaru.
    20 | D        | Found a stormy altar of Qazlal.
    20 | D        | Found a sparkling altar of Nemelex Xobeh.
    20 | D        | Found a sacrificial altar of Ru.
    20 | D        | Found a shimmering blue altar of Sif Muna.
    30 | D        | Found a bloodstained altar of Trog.
    76 | D        | Became a worshipper of Beogh the Brigand
    76 | D        | Reached * piety under Beogh
    76 | D        | Reached ** piety under Beogh
    92 | D        | Reached skill level 9 in Invocations
    92 | D        | Reached XP level 2. HP: 26/26 MP: 1/7
    93 | D        | Entered arena 2.
    93 | D        | Noticed a black bear
    93 | D        | Noticed a spriggan
    93 | D        | Found a transporter.
    94 | D        | Killed a spriggan
    95 | D        | Reached skill level 14 in Invocations
    95 | D        | Reached XP level 3. HP: 13/31 MP: 1/11
    95 | D        | Reached XP level 4. HP: 17/39 MP: 1/13
    95 | D        | Reached XP level 5. HP: 19/45 MP: 1/14
    95 | D        | Killed a black bear
    96 | D        | Reached skill level 16 in Invocations
    96 | D        | Reached XP level 6. HP: 23/51 MP: 2/17
   101 | D        | Got the +1 scale mail "Fyoda" {Harm +Blink Dex+8 Stlth-}
   200 | D        | Entered arena 3.
   200 | D        | Noticed a water moccasin
   200 | D        | Found a transporter.
   202 | D        | Killed a water moccasin
   203 | D        | Reached skill level 5 in Dodging
   204 | D        | Reached *** piety under Beogh
   216 | D        | Entered arena 4.
   216 | D        | Noticed a hell hound
   216 | D        | Noticed a hell hound
   216 | D        | Found a transporter.
   217 | D        | Slain by a hell hound

Illustrated notes

Levels and vault maps discovered:
D:        sprint_v [room_start, room_1, room_2, room_3, room_4, room_5, room_6,
          room_7, room_8, room_9, room_10, room_11, room_12, room_13, room_14,
          room_15, room_16, room_17, room_18, room_19, room_20, room_21,
          room_22, room_23, room_24, room_25, room_26, room_27]

Skill      XL: |  1  2  3  4  5  6 |
---------------+-------------------+-----
Invocations    | 9 14 16 | 16.3
Dodging        | 5 |  5.6
Fighting       | |  3.6
Axes           | |  4.0
Stealth        | |  1.5

Action                     |  1- 3 |  4- 6 || total
---------------------------+-------+-------++-------
   Fire: Heavy crossbow    |     1 |     5 ||     6
 Invoke: Smiting           |       |     1 ||     1
    Use: Potion            |     1 |       ||     1
 Armour: Robe              |     1 |       ||     1
         Scale mail        |       |    10 ||    10
  Dodge: Dodged            |     4 |     6 ||    10

Table legend: (Time is in decaauts)
 A = Elapsed time spent in this place.
 B = Non-inter-level travel time spent in this place.
 C = Inter-level travel time spent in this place.
 D = Time resting spent in this place.
 E = Time spent auto-exploring this place.
 F = Levels seen in this place.
 G = Mean time per level.
                   A        B        C        D        E       F      G
               +--------+--------+--------+--------+--------+-----+--------+
         Total |    230 |    230 |      0 |     83 |      0 |   1 |  230.0 |
       Dungeon |    230 |    230 |      0 |     83 |      0 |   1 |  230.0 |
               +--------+--------+--------+--------+--------+-----+--------+

Top non-repeatable levels by time:
       D: 230 daAuts
